[Event "*** SCC Grand Prix: Titled Tuesday Blitz"]
[Site "Chess.com"]
[Date "2020.09.08"]
[Round "4"]
[White "Nikithebest"]
[Black "Matols"]
[Result "1-0"]
[WhiteElo "2445"]
[BlackElo "2262"]
[TimeControl "180+1"]
[EndTime "10:37:20 PDT"]
[Termination "Nikithebest won by resignation"]

1. Nf3 Nf6 2. d4 e6 3. e3 b6 4. Bd3 Bb7 5. O-O Be7 6. c4 O-O 7. Nc3 d5 8. a3 dxc4 9. Bxc4 Nbd7 10. Bd2 c5 11. Bd3 cxd4 12. exd4 Rc8 13. Qe2 Re8 14.
Rfe1 Nf8 15. Bb5 Bc6 16. Ba6 Ra8 17. Ne5 Bd5 18. Bb5 N8d7 19. Nxd5 exd5 20. Nc6 Qc7 21. Nxe7+ Kf8 22. Bb4 1-0

[Event "*** SCC Grand Prix: Titled Tuesday Blitz"]
[Site "Chess.com"]
[Date "2020.09.08"]
[Round "4"]
[White "Rozum_Ivan"]
[Black "hellokostya"]
[Result "1-0"]
[WhiteElo "2711"]
[BlackElo "2490"]
[TimeControl "180+1"]
[EndTime "10:37:21 PDT"]
[Termination "Rozum_Ivan won by resignation"]

1. e4 Nc6 2. Ne2 e5 3. Nbc3 Nf6 4. g3 d5 5. exd5 Nxd5 6. Bg2 Be6 7. O-O Bc5 8. d3 O-O 9. Ne4 Be7 10. f4 exf4 11. Nxf4 Nxf4 12. Bxf4 Nd4 13. c3 Nf5 14. d4 c6 15. Qc2 Bd5 16. Rae1 Nd6 17. Nxd6 Bxg2 18. Nxf7 Rxf7 19. Qxg2 c5 20. Be5 cxd4 21. Rxf7 Kxf7 22. Bxd4 Qd7 23. Qe4 h6 24. Bxg7 Bc5+ 25. Bd4 Bxd4+ 26.
cxd4 1-0

[Event "*** SCC Grand Prix: Titled Tuesday Blitz"]
[Site "Chess.com"]
[Date "2020.09.08"]
[Round "4"]
[White "BigAl"]
[Black "seorobert1971"]
[Result "0-1"]
[WhiteElo "2475"]
[BlackElo "2681"]
[TimeControl "180+1"]
[EndTime "10:37:23 PDT"]
[Termination "seorobert1971 won by resignation"]

1. e4 c6 2. d3 d5 3. Nd2 e5 4. Ngf3 Bd6 5. g3 Nf6 6. Bg2 O-O 7. O-O Nbd7 8. Re1 Re8 9. Nh4 Nc5 10. h3 Ne6 11. c3 Bf8 12. Qf3 a5 13. Nf1 a4 14.
Nf5 b5 15. a3 Qc7 16. Nh2 Rb8 17. g4 Nd7 18. g5 Ndc5 19. Ng4 Nb3 20. Nfh6+ gxh6 21. Nf6+ Kh8 22. Nxe8 Qe7 23. Nf6 Nxa1 24. Qf5 Nxg5 25.
Bxg5 Bxf5 26. Rxa1 hxg5 27. Nh5 Bg6 28. Ng3 dxe4 29. dxe4 Rd8 30. Re1 h5 31. Nf1 g4 32.
Ne3 Qg5 33. hxg4 hxg4 34. Nf1 Bc5 35. Re2 Rd1 0-1

[Event "*** SCC Grand Prix: Titled Tuesday Blitz"]
[Site "Chess.com"]
[Date "2020.09.08"]
[Round "4"]
[White "ChadaevNikolay"]
[Black "Caterpiller35"]
[Result "1-0"]
[WhiteElo "2814"]
[BlackElo "2462"]
[TimeControl "180+1"]
[EndTime "10:37:25 PDT"]
[Termination "ChadaevNikolay won by checkmate"]

1. d4 Nf6 2. c4 e6 3. Nf3 b6 4. g3 Ba6 5. Qc2 c5 6. d5 exd5 7. cxd5 g6 8. Nc3 Bg7 9. e4 Bxf1 10. Kxf1 d6 11. Kg2 O-O 12. h3 Re8 13. Re1 Na6 14.
a3 Nc7 15. Bf4 b5 16. Rad1 Nh5 17. Bg5 Bf6 18. Bxf6 Qxf6 19. e5 dxe5 20. d6 Ne6 21.
Nd5 Qg7 22. Ne7+ Rxe7 23. dxe7 Re8 24. Rxe5 Rxe7 25. Rxe6 fxe6 26. Rd8+ Kf7 27. Ng5+ Kf6 28. Ne4+ Ke5 29. Qxc5+ Kxe4 30. f3# 1-0

[Event "*** SCC Grand Prix: Titled Tuesday Blitz"]
[Site "Chess.com"]
[Date "2020.09.08"]
[Round "4"]
[White "picturesquecheck"]
[Black "ljuks68"]
[Result "0-1"]
[WhiteElo "2145"]
[BlackElo "2415"]
[TimeControl "180+1"]
[EndTime "10:37:29 PDT"]
[Termination "ljuks68 won by resignation"]

1. e4 e6 2. d4 d5 3. Nd2 Nf6 4. e5 Nfd7 5. Bd3 c5 6. c3 Nc6 7. Ne2 cxd4 8. cxd4 f6 9. exf6 Qxf6 10. Nf3 h6 11.
O-O Bd6 12. Be3 O-O 13. Rc1 Rd8 14. Bb1 Nf8 15. a3 Bd7 16. b4 a6 17. Qd3 Be8 18. Ng3 Rac8 19. Rfe1 g5 20. h3 Rc7 21. Nh2 h5 22.
Qd2 Rg7 23. Rf1 g4 24. hxg4 hxg4 25. Bd3 Qh4 26. Bf4 Bg6 27. Bxd6 Rxd6 28. Qf4 Bxd3 29. Qxd6 Rh7 30. Ne2 Bxe2 31. Rfe1 e5 32. Qxd5+ Kh8 0-1

[Event "*** SCC Grand Prix: Titled Tuesday Blitz"]
[Site "Chess.com"]
[Date "2020.09.08"]
[Round "4"]
[White "M1711"]
[Black "KaterynaLagno"]
[Result "1-0"]
[WhiteElo "2502"]
[BlackElo "2693"]
[TimeControl "180+1"]
[EndTime "10:37:31 PDT"]
[Termination "M1711 won by resignation"]

1. e4 e5 2. Nf3 Nc6 3. Bc4 Nf6 4. d3 Be7 5. O-O O-O 6. Nc3 d6 7. a3 Be6 8. h3 Qd7 9. Nd5 Bxd5 10. exd5 Na5 11. Ba2 b6 12. b4 Nb7 13. Re1 a5 14. Bd2 axb4 15. axb4 Rfe8 16. Bb3 g6 17. c4 b5 18. c5 dxc5 19. Nxe5 Rxa1 20. Qxa1 Qd6 21. Bf4 Nxd5 22. Nxf7 Qxf4 23. Qh8+ 1-0

[Event "*** SCC Grand Prix: Titled Tuesday Blitz"]
[Site "Chess.com"]
[Date "2020.09.08"]
[Round "4"]
[White "Msb2"]
[Black "Thee-Chessboy"]
[Result "1-0"]
[WhiteElo "2882"]
[BlackElo "2474"]
[TimeControl "180+1"]
[EndTime "10:37:32 PDT"]
[Termination "Msb2 won by resignation"]

1. d4 Nf6 2. Nc3 d5 3. Bf4 c6 4.
e3 Bf5 5. Bd3 e6 6. Nf3 Bb4 7.
O-O O-O 8. Ne2 Ne4 9. c4 Bd6 10.
Bxd6 Nxd6 11. Bxf5 Nxf5 12. Qb3 Qb6 13. c5 Qxb3 14.
axb3 Nd7 15. b4 a6 16. Nd2 e5 17. Nb3 exd4 18. Nexd4 Nxd4 19. exd4 Nf6 20. f3 Rfe8 21. Na5 Rab8 22. Rfe1 Kf8 23. Kf2 g5 24. Rxe8+ Kxe8 25.
Ke3 Kd7 26. Kd3 Rd8 27. Nb3 Rb8 28. Re1 Re8 29. Re5 Rxe5 30. dxe5 Ne8 31. Nd4 Nc7 32. Nf5 Nb5 33. g3 Ke6 34. Nh6 Kxe5 35. Nxf7+ Kf6 36. Nd8 h5 37. Nxb7 Nc7 38. Na5 1-0

[Event "*** SCC Grand Prix: Titled Tuesday Blitz"]
[Site "Chess.com"]
[Date "2020.09.08"]
[Round "4"]
[White "Oglob71"]
[Black "KatarinaOstojic"]
[Result "1-0"]
[WhiteElo "2526"]
[BlackElo "2333"]
[TimeControl "180+1"]
[EndTime "10:37:36 PDT"]
[Termination "Oglob71 won by checkmate"]

1. d4 f5 2. g3 Nf6 3. Bg2 g6 4. Nh3 Bg7 5. Nf4 O-O 6. h4 d6 7.
Nc3 Nc6 8. d5 Ne5 9. e4 fxe4 10.
Nxe4 Bf5 11. Ng5 Qd7 12. Nge6 Rfe8 13. Nxg7 Kxg7 14. h5 g5 15. h6+ Kg8 16. Ne2 Be4 17.
Bxe4 Nxe4 18. Nd4 Rf8 19. Qe2 Nxf2 20. Rf1 Nfg4 21. Ne6 Rxf1+ 22. Kxf1 c6 23. c4 cxd5 24. cxd5 Qe8 25. Bxg5 Qf7+ 26. Kg2 Qg6 27. Rf1 Rc8 28. Kg1 Rc2 29. Rf8# 1-0

[Event "*** SCC Grand Prix: Titled Tuesday Blitz"]
[Site "Chess.com"]
[Date "2020.09.08"]
[Round "4"]
[White "pavlitas17"]
[Black "ENajer77"]
[Result "0-1"]
[WhiteElo "2366"]
[BlackElo "2608"]
[TimeControl "180+1"]
[EndTime "10:37:37 PDT"]
[Termination "ENajer77 won by resignation"]

1. d4 Nf6 2. c4 e6 3. Nf3 Bb4+ 4. Nbd2 d5 5. a3 Be7 6. e3 O-O 7. Bd3 b6 8. O-O c5 9. dxc5 bxc5 10. cxd5 exd5 11.
e4 Bb7 12. e5 Ne8 13. Qe2 Nc7 14. b4 c4 15. Bc2 Ne6 16. Bb2 a5 17. Nd4 Nxd4 18. Bxd4 Nc6 19. Nf3 axb4 20. axb4 Rxa1 21. Rxa1 Nxb4 22. e6 Nxc2 23. exf7+ Rxf7 24. Qxc2 Bf6 25. Ne5 Rf8 26. Ra7 Qb8 27. Nd7 Bxd4 28. Nxb8 Bxa7 29.
Nd7 Rxf2 30. Qxf2 Bxf2+ 31. Kxf2 d4 32. Ne5 Bd5 33. g3 Kf8 34. Nd7+ Ke7 35. Nb6 Kd6 36. Ke2 Be6 37. Kd2 Kc6 38. Na4 Kb5 0-1

[Event "*** SCC Grand Prix: Titled Tuesday Blitz"]
[Site "Chess.com"]
[Date "2020.09.08"]
[Round "4"]
[White "PlotnikovPavel"]
[Black "Jungle_Jaguar"]
[Result "0-1"]
[WhiteElo "2481"]
[BlackElo "2683"]
[TimeControl "180+1"]
[EndTime "10:37:38 PDT"]
[Termination "Jungle_Jaguar won by resignation"]

1. e4 e5 2. Nf3 Nc6 3. Nc3 Nf6 4. Be2 d5 5. exd5 Nxd5 6. O-O Nxc3 7. bxc3 e4 8. Ne1 f5 9. f3 exf3 10. Bxf3 Be6 11. d4 Bd5 12. Nd3 Be7 13. Nf4 Bxf3 14. Qxf3 Qd7 15. d5 Ne5 16. Qe2 Bf6 17. Ne6 Kf7 18.
Rxf5 Qxd5 19. Ng5+ Kg6 20. g4 Qc4 21. Ne4 Qxe2 0-1

[Event "*** SCC Grand Prix: Titled Tuesday Blitz"]
[Site "Chess.com"]
[Date "2020.09.08"]
[Round "4"]
[White "dachessmandan"]
[Black "gumimis"]
[Result "1-0"]
[WhiteElo "2402"]
[BlackElo "2206"]
[TimeControl "180+1"]
[EndTime "10:37:39 PDT"]
[Termination "dachessmandan won by resignation"]

1. e4 c5 2. Nf3 d6 3. d4 cxd4 4. Nxd4 Nf6 5. Nc3 a6 6. Bc4 e6 7. Bb3 Nbd7 8. f3 Nc5 9. Be3 Be7 10. Qd2 O-O 11. O-O-O Qc7 12. Kb1 b5 13. g4 Bb7 14. g5 Nfd7 15. h4 Nb6 16. h5 Nxb3 17.
axb3 d5 18. e5 b4 19. Nce2 a5 20. g6 a4 21. h6 fxg6 22. hxg7 Rf7 23. Rxh7 Kxh7 24.
Rh1+ Kg8 25. Nxe6 Rxg7 26. Nxc7 Rc8 27. Bxb6 1-0

[Event "*** SCC Grand Prix: Titled Tuesday Blitz"]
[Site "Chess.com"]
[Date "2020.09.08"]
[Round "4"]
[White "Emp3rador"]
[Black "Bulldog167"]
[Result "0-1"]
[WhiteElo "2467"]
[BlackElo "2840"]
[TimeControl "180+1"]
[EndTime "10:37:43 PDT"]
[Termination "Bulldog167 won by resignation"]

1. e4 e6 2. d4 d5 3. Nc3 Bb4 4. exd5 exd5 5. Bd3 Nc6 6. Ne2 Nge7 7. Bf4 O-O 8. Qd2 Bf5 9. O-O-O Bxd3 10. Qxd3 Ng6 11. Bg3 Na5 12. h4 Nc4 13. h5 Ne7 14. h6 g6 15. Bh4 c6 16. Bf6 Re8 17. g4 Qb6 18. b3 Ba3+ 19. Kb1 Nb2 20. Qf3 Nxd1 21. Rxd1 Nc8 22. Nf4 Bf8 23. Be5 Qd8 24. Ncxd5 cxd5 25. Nxd5 Re6 26. Nc7 Rxe5 27. Nxa8 Re7 28. g5 Nd6 29.
Qf6 Ne4 30. Qf4 Nc3+ 31. Kb2 Nxd1+ 0-1

[Event "*** SCC Grand Prix: Titled Tuesday Blitz"]
[Site "Chess.com"]
[Date "2020.09.08"]
[Round "4"]
[White "queen_iryna"]
[Black "enriquebutti"]
[Result "1-0"]
[WhiteElo "2291"]
[BlackElo "1812"]
[TimeControl "180+1"]
[EndTime "10:37:43 PDT"]
[Termination "queen_iryna won by checkmate"]

1. d4 Nf6 2. Nc3 g6 3. e4 d6 4.
h3 a6 5. Be3 b5 6. e5 Nfd7 7. Qf3 Ra7 8. a4 b4 9. Ne4 dxe5 10.
Ng5 Nf6 11. dxe5 Bb7 12. Qf4 h6 13. Nxf7 Kxf7 14. Bxa7 g5 15. Bc4+ Ke8 16. Qf5 Nc6 17. exf6 exf6 18. Qg6+ Kd7 19. O-O-O+ Bd6 20. Qf5+ Ke7 21.
Nf3 Nxa7 22. Rhe1+ Kf8 23. Qe6 Rh7 24. Qg8# 1-0

[Event "*** SCC Grand Prix: Titled Tuesday Blitz"]
[Site "Chess.com"]
[Date "2020.09.08"]
[Round "4"]
[White "Slovak_fighter2000"]
[Black "Th3_Hound"]
[Result "0-1"]
[WhiteElo "2375"]
[BlackElo "2606"]
[TimeControl "180+1"]
[EndTime "10:37:45 PDT"]
[Termination "Th3_Hound won on time"]

1. d4 Nf6 2. c4 g6 3. Nc3 d5 4. Nf3 Bg7 5. Bg5 Ne4 6. cxd5 Nxg5 7. Nxg5 e6 8. Qd2 h6 9. Nh3 exd5 10. Nf4 O-O 11.
e3 c5 12. Be2 cxd4 13. exd4 Nc6 14. Nfxd5 Nxd4 15. O-O Be6 16. Bc4 b5 17. Bb3 Nxb3 18.
axb3 Bxc3 0-1

[Event "*** SCC Grand Prix: Titled Tuesday Blitz"]
[Site "Chess.com"]
[Date "2020.09.08"]
[Round "4"]
[White "chessplayer9919"]
[Black "tk22h"]
[Result "1-0"]
[WhiteElo "2601"]
[BlackElo "2370"]
[TimeControl "180+1"]
[EndTime "10:37:45 PDT"]
[Termination "chessplayer9919 won by resignation"]

1. e4 e5 2. Nf3 Nc6 3. d4 exd4 4. Nxd4 Bb4+ 5. Nc3 Nge7 6. Nxc6 Nxc6 7. Bd2 O-O 8.
Bd3 d6 9. O-O Ne5 10. Nd5 Bxd2 11. Qxd2 Be6 12. f4 Nxd3 13. Qxd3 Bxd5 14. Qxd5 c6 15. Qd4 f5 16. Rae1 fxe4 17. Rxe4 d5 18. Re6 Qd7 19. Rfe1 Rae8 20. f5 Qf7 21. Qxa7 Rxe6 22. fxe6 Qf5 23. e7 Re8 24. Qxb7 Qxc2 25. Qd7 Qc5+ 26. Kh1 1-0

[Event "*** SCC Grand Prix: Titled Tuesday Blitz"]
[Site "Chess.com"]
[Date "2020.09.08"]
[Round "4"]
[White "dopolian"]
[Black "Shota_Azaladze"]
[Result "1-0"]
[WhiteElo "2486"]
[BlackElo "2652"]
[TimeControl "180+1"]
[EndTime "10:37:48 PDT"]
[Termination "dopolian won by resignation"]

1. Nf3 g6 2. c4 Bg7 3. g3 b6 4.
Bg2 Bb7 5. O-O f5 6. Nc3 Nf6 7. d4 O-O 8. Bf4 h6 9. h4 Ne4 10. Nxe4 Bxe4 11. Ne5 Bxg2 12. Kxg2 Qe8 13. Qd2 Kh7 14.
d5 d6 15. Nd3 e5 16. dxe6 Qxe6 17. b3 Bxa1 18. Rxa1 h5 19. Ne1 Qe4+ 20. Nf3 Nc6 21.
Kh2 Kg8 22. Ng5 Qd4 23. Qe1 Rfe8 24. Rd1 Qb2 25. Qh1 Ne7 26. Rd2 Qg7 27. Ne6 Qf7 28.
Nxc7 Rad8 29. Nxe8 Rxe8 30. Rxd6 Nc8 31. Rd2 a6 32. Qd5 Qxd5 33. cxd5 Kf7 34. d6 Rd8 35. d7 Ne7 36. Bc7 1-0

[Event "*** SCC Grand Prix: Titled Tuesday Blitz"]
[Site "Chess.com"]
[Date "2020.09.08"]
[Round "4"]
[White "SCIM"]
[Black "Vuk2000"]
[Result "0-1"]
[WhiteElo "2497"]
[BlackElo "2724"]
[TimeControl "180+1"]
[EndTime "10:37:49 PDT"]
[Termination "Vuk2000 won by resignation"]

1. d4 Nf6 2. c4 e6 3. g3 d5 4. Nf3 Be7 5. Bg2 O-O 6. O-O dxc4 7. Qc2 a6 8. a4 Bd7 9. Qxc4 Bc6 10. Bg5 Nbd7 11.
Nbd2 Nd5 12. Bxe7 Qxe7 13. e4 Nb4 14. a5 Bb5 15. Qxc7 Rfc8 16. Qf4 Bxf1 17. Nxf1 e5 18. dxe5 Nd3 19. Qe3 N3xe5 20. Nd4 Nc4 21. Qe2 Qe5 22. Nf5 g6 23. Nh6+ Kg7 24. Ng4 Qxb2 25. Qxb2+ Nxb2 26. Rb1 Nc4 27. Rxb7 Nc5 28. Re7 Re8 29. Rc7 Rac8 30. Ra7 h5 31. Nge3 Nxa5 32. Bh3 Nc6 33.
Bxc8 Nxa7 34. Bh3 Nxe4 0-1

[Event "*** SCC Grand Prix: Titled Tuesday Blitz"]
[Site "Chess.com"]
[Date "2020.09.08"]
[Round "4"]
[White "NeverW84M8"]
[Black "belisarius64"]
[Result "0-1"]
[WhiteElo "2472"]
[BlackElo "2677"]
[TimeControl "180+1"]
[EndTime "10:37:52 PDT"]
[Termination "belisarius64 won by resignation"]

1. d4 Nf6 2. c4 g6 3. Nc3 Bg7 4. e4 d6 5. f3 O-O 6. Be3 c5 7.
Nge2 Nc6 8. d5 Ne5 9. Ng3 e6 10. Be2 exd5 11. cxd5 a6 12. a4 h5 13. O-O h4 14. Nh1 h3 15. g3 Bd7 16. a5 b5 17. axb6 Qxb6 18. Qd2 Bb5 19. Nxb5 axb5 20. Nf2 Nc4 21. Bxc4 bxc4 22. Nxh3 Nd7 23. Rac1 Qb3 24.
Bh6 Ra2 25. Bxg7 Kxg7 26. Rc2 Ne5 27. Kg2 Rb8 28. Rb1 Qxf3+ 0-1

[Event "*** SCC Grand Prix: Titled Tuesday Blitz"]
[Site "Chess.com"]
[Date "2020.09.08"]
[Round "4"]
[White "daro94"]
[Black "wadsy27"]
[Result "1-0"]
[WhiteElo "2959"]
[BlackElo "2553"]
[TimeControl "180+1"]
[EndTime "10:37:56 PDT"]
[Termination "daro94 won by resignation"]

1. Nf3 Nf6 2. b3 d5 3. Bb2 c6 4. g3 Bf5 5. Bg2 h6 6. O-O e6 7. c4 Be7 8. d3 Bh7 9. Nbd2 a5 10. a3 O-O 11. Qc2 Nbd7 12. Bc3 Qb6 13. Qb2 Rfc8 14.
b4 Qa6 15. Rfc1 b5 16. c5 a4 17. Ne5 Nxe5 18. Bxe5 Ne8 19. e4 Qb7 20. Re1 Qd7 21. Rad1 Rd8 22. exd5 exd5 23. Nf3 Bf8 24. Bd4 f6 25.
Re3 Nc7 26. Rde1 Re8 27. h4 Rxe3 28. Rxe3 Re8 29. Kh2 Rxe3 30. Bxe3 Bxd3 31. Nd4 Bf5 32. Nxf5 Qxf5 33. Bh3 Qe5 34. Qxe5 fxe5 35. Bd7 d4 36. Bd2 Kf7 37. Bxc6 Ke6 38. Kg2 Be7 39. Kf3 h5 40. Ke4 g6 41. Bh6 Nd5 42. Bxd5+ 1-0

[Event "*** SCC Grand Prix: Titled Tuesday Blitz"]
[Site "Chess.com"]
[Date "2020.09.08"]
[Round "4"]
[White "Iball95"]
[Black "Sergey85Rodchenkov"]
[Result "1/2-1/2"]
[WhiteElo "2715"]
[BlackElo "2504"]
[TimeControl "180+1"]
[EndTime "10:37:56 PDT"]
[Termination "Game drawn by agreement"]

1. d4 Nf6 2. Nf3 b6 3. c4 Bb7 4. Nc3 e6 5. e3 d5 6. Bd2 Bd6 7. Bd3 O-O 8. O-O c5 9. cxd5 exd5 10. Ne5 Nc6 11. Nxc6 Bxc6 12. dxc5 bxc5 13. b3 Rc8 14. Rc1 Qe7 15. Ne2 Rfd8 16. Ng3 Ne4 17.
Bxe4 dxe4 18. Qe2 g6 19. Rfd1 h5 20. Bc3 Be5 21. Bxe5 Qxe5 22. Nf1 h4 23. h3 Kg7 24. Qc2 Bb5 25. Rxd8 Rxd8 26. Nd2 f5 27. Qxc5 Qxc5 28.
Rxc5 Rxd2 29. Rxb5 Rxa2 30. Rb7+ Kf6 31. Rh7 Rb2 32.
Rxa7 Rxb3 33. Ra2 Ke5 34. Ra5+ 1/2-1/2

[Event "*** SCC Grand Prix: Titled Tuesday Blitz"]
[Site "Chess.com"]
[Date "2020.09.08"]
[Round "4"]
[White "Matveev_Vladimir"]
[Black "StellarChessPro"]
[Result "1-0"]
[WhiteElo "2578"]
[BlackElo "2266"]
[TimeControl "180+1"]
[EndTime "10:37:56 PDT"]
[Termination "Matveev_Vladimir won by resignation"]

1. d4 d5 2. c4 c6 3. Nf3 Nf6 4.
Qc2 e6 5. g3 Nbd7 6. Bg2 Bd6 7.
O-O O-O 8. Nfd2 Qe7 9. Nc3 a6 10. e4 dxe4 11. Ndxe4 Nxe4 12. Nxe4 Bc7 13. Re1 h6 14. Bd2 Nf6 15. Nc3 Rd8 16. Ne2 e5 17. Bc3 e4 18. Qb3 e3 19. f4 Rb8 20. d5 cxd5 21.
cxd5 Qd6 22. Rac1 Bf5 23. Be5 Qxe5 24. fxe5 Bxe5 25. Qxe3 Bxb2 26. Rc7 Re8 27. Re7 Kf8 28. d6 Ng4 29. Qb3 1-0

[Event "*** SCC Grand Prix: Titled Tuesday Blitz"]
[Site "Chess.com"]
[Date "2020.09.08"]
[Round "4"]
[White "Barcelona_Guy"]
[Black "MPGM"]
[Result "0-1"]
[WhiteElo "2642"]
[BlackElo "2484"]
[TimeControl "180+1"]
[EndTime "10:37:59 PDT"]
[Termination "MPGM won by resignation"]

1. e4 c6 2. Nc3 d5 3. Nf3 dxe4 4. Nxe4 Nf6 5. Qe2 Bg4 6. h3 Bh5 7. Nxf6+ gxf6 8. d3 e6 9. Bd2 f5 10. g4 fxg4 11. Qe5 Rg8 12. Qxh5 gxf3 13. Qxf3 Qd5 14. Be2 Qxf3 15. Bxf3 Nd7 16. O-O-O Bc5 17. Rh2 Ke7 18.
h4 Ne5 19. Be2 Ng4 20. Bg5+ Rxg5 21. hxg5 Nxh2 22. Rh1 Bd6 23. Kd1 Rg8 0-1

[Event "*** SCC Grand Prix: Titled Tuesday Blitz"]
[Site "Chess.com"]
[Date "2020.09.08"]
[Round "4"]
[White "Bigfish1995"]
[Black "Grandelicious"]
[Result "1-0"]
[WhiteElo "3021"]
[BlackElo "2798"]
[TimeControl "180+1"]
[EndTime "10:38:00 PDT"]
[Termination "Bigfish1995 won by resignation"]

1. d4 d5 2. c4 e6 3. Nf3 a6 4.
Bg5 Be7 5. Bxe7 Nxe7 6. Nbd2 O-O 7. g3 b6 8. cxd5 exd5 9. Bg2 Nd7 10. Rc1 c5 11. dxc5 bxc5 12. O-O Bb7 13. Qa4 Rc8 14. Rfd1 Nf6 15. Nb3 Qb6 16. Qa3 Ne4 17. Ne5 Qf6 18.
Bxe4 Qxe5 19. Bf3 c4 20. Nc5 Bc6 21. b3 cxb3 22. axb3 Bb5 23. e3 Rfd8 24. Nb7 Rxc1 25. Rxc1 Rb8 26. Nd6 g6 27. Nxb5 Rxb5 28. Be2 Rb6 29.
Bxa6 d4 30. exd4 Qxd4 31. Qxe7 Rxa6 32. Rc8+ Kg7 33. Qf8+ Kf6 34. Qh8+ 1-0

[Event "*** SCC Grand Prix: Titled Tuesday Blitz"]
[Site "Chess.com"]
[Date "2020.09.08"]
[Round "4"]
[White "davidkalashian"]
[Black "LuisFSiles"]
[Result "1-0"]
[WhiteElo "2604"]
[BlackElo "2347"]
[TimeControl "180+1"]
[EndTime "10:38:00 PDT"]
[Termination "davidkalashian won by resignation"]

1. d4 Nf6 2. c4 g6 3. Nc3 Bg7 4. e4 O-O 5. Be2 d6 6. Bg5 c5 7. d5 e6 8. Nf3 h6 9. Bf4 exd5 10. exd5 a6 11. O-O Re8 12. h3 Ne4 13. Nxe4 Rxe4 14.
Qd2 Qe7 15. Bd3 Rxf4 16. Qxf4 Bxb2 17. Rab1 Bg7 18. Rfe1 Qf8 19. Rb6 Nd7 20. Rxd6 g5 21. Qg3 Ne5 22. Rxe5 Qxd6 23. Re8+ Bf8 24. Qxd6 1-0

[Event "*** SCC Grand Prix: Titled Tuesday Blitz"]
[Site "Chess.com"]
[Date "2020.09.08"]
[Round "4"]
[White "GigaQuparadze"]
[Black "frederiksvane"]
[Result "1-0"]
[WhiteElo "2910"]
[BlackElo "2682"]
[TimeControl "180+1"]
[EndTime "10:38:02 PDT"]
[Termination "GigaQuparadze won by resignation"]

1. e4 c5 2. Nf3 g6 3. c3 d5 4. exd5 Qxd5 5. d4 Bg7 6. Be3 cxd4 7. cxd4 Qa5+ 8. Nc3 Nh6 9. Bb5+ Bd7 10. Qb3 Bxb5 11. Qxb5+ Qxb5 12. Nxb5 Na6 13. Rc1 Nf5 14. Nc7+ Nxc7 15. Rxc7 O-O 16. Ke2 Rfd8 17. Rd1 Rac8 18. Rxb7 Rc2+ 19. Rd2 Rxd2+ 20. Kxd2 Nxd4 21. Nxd4 Bxd4 22. Ke2 a6 23. Bxd4 Rxd4 24. Rxe7 Kg7 25. Rb7 Rd6 26. a4 h5 27. a5 Rd5 28. b4 h4 29. Rb6 Rd4 30. h3 g5 31. Ke3 Rc4 32. Kd3 Rf4 33. f3 f5 34. Kc3 g4 35. fxg4 fxg4 36.
Rxa6 gxh3 37. gxh3 Rf3+ 38. Kc4 Rxh3 39. Rd6 Rh1 40. Kb5 h3 41. a6 Ra1 42. Rd2 Kf6 43. Kb6 Ke5 44. b5 Kf4 45. Kb7 Kg3 46. b6 1-0

[Event "*** SCC Grand Prix: Titled Tuesday Blitz"]
[Site "Chess.com"]
[Date "2020.09.08"]
[Round "4"]
[White "biostatistician"]
[Black "Chessdemon2019"]
[Result "0-1"]
[WhiteElo "2597"]
[BlackElo "2396"]
[TimeControl "180+1"]
[EndTime "10:38:02 PDT"]
[Termination "Chessdemon2019 won by resignation"]

1. d4 Nf6 2. Nf3 b6 3. c4 e6 4. Nc3 Bb4 5. Qc2 Bb7 6. a3 Bxc3+ 7. Qxc3 O-O 8. g3 Qe7 9. Bg2 d6 10. O-O Nbd7 11. b4 c5 12. Bb2 Ne4 13. Qe3 cxd4 14.
Qxd4 e5 15. Qe3 Nef6 16. Rfd1 Rac8 17. Rac1 Rfd8 18. Nh4 Bxg2 19. Kxg2 Qe6 20. Qd3 e4 21. Qd4 Ne5 22. c5 bxc5 23. bxc5 Nc6 24. Qe3 d5 25. Qg5 h6 26. Qf5 Ng4 27. Rc2 Nge5 28.
Bc1 Nc4 29. Qh5 d4 30. Nf5 e3 31. fxe3 Qe4+ 32. Kh3 Qxc2 33. Qg4 g6 34. Nxh6+ Kg7 35. Nf5+ Qxf5 0-1

[Event "*** SCC Grand Prix: Titled Tuesday Blitz"]
[Site "Chess.com"]
[Date "2020.09.08"]
[Round "4"]
[White "champ1000"]
[Black "THE_PLAYER6"]
[Result "0-1"]
[WhiteElo "2291"]
[BlackElo "2463"]
[TimeControl "180+1"]
[EndTime "10:38:02 PDT"]
[Termination "THE_PLAYER6 won on time"]

1. d4 e6 2. c4 c5 3. g3 cxd4 4. Bg2 Nc6 5. Nf3 e5 6. O-O Nf6 7. e3 dxe3 8. Bxe3 Be7 9. Nc3 d6 10. Nd5 O-O 11. Qc2 Nxd5 12. cxd5 Nb8 13. Rac1 Nd7 14.
h4 Nf6 15. Rfd1 Bg4 16. Qa4 Bxf3 17. Bxf3 a6 18. Qb3 b5 19. Rc6 Qd7 20. Rdc1 Rfc8 21.
Bg2 Ng4 22. Bb6 Rcb8 23. Rc7 Qf5 24. Ba5 Qxf2+ 25. Kh1 Bd8 26. R7c2 Bxa5 27. Rxf2 Nxf2+ 28. Kg1 Bb6 29. Kh2 Ng4+ 30. Kh1 Nf2+ 31. Kh2 Rc8 32.
Rxc8+ Rxc8 33. Bh3 Rc1 34. Kg2 h5 35. a4 e4 36. axb5 a5 37. Bf5 e3 0-1

[Event "*** SCC Grand Prix: Titled Tuesday Blitz"]
[Site "Chess.com"]
[Date "2020.09.08"]
[Round "4"]
[White "talyamania"]
[Black "IngOscarArdila"]
[Result "1-0"]
[WhiteElo "2340"]
[BlackElo "2185"]
[TimeControl "180+1"]
[EndTime "10:38:02 PDT"]
[Termination "talyamania won by resignation"]

1. e4 e5 2. Nf3 Nf6 3. Nxe5 d6 4.
Nf3 Nxe4 5. d4 Be7 6. Bd3 Nf6 7. O-O O-O 8. h3 Nbd7 9. c4 Re8 10. Nc3 Nf8 11.
d5 N8d7 12. Re1 Nc5 13. Bc2 a5 14. Bf4 Bd7 15. Qd2 Bf8 16. Bg5 h6 17. Rxe8 Bxe8 18. Be3 Nfd7 19. Re1 Be7 20. Nd4 Bf6 21. Nf5 Ne5 22.
b3 Bd7 23. Bxc5 dxc5 24. Ng3 a4 25. Nce4 axb3 26. axb3 Ra2 27. Nxf6+ Qxf6 28. Bh7+ Kxh7 29. Qxa2 g6 30. Qe2 Nf3+ 31. Qxf3 Qxf3 32. gxf3 Bxh3 33. Re7 1-0

[Event "*** SCC Grand Prix: Titled Tuesday Blitz"]
[Site "Chess.com"]
[Date "2020.09.08"]
[Round "4"]
[White "GothamChess"]
[Black "KyrgyzFighter"]
[Result "1-0"]
[WhiteElo "2575"]
[BlackElo "2347"]
[TimeControl "180+1"]
[EndTime "10:38:06 PDT"]
[Termination "GothamChess won by resignation"]

1. e4 e6 2. b3 d5 3. Bb2 Nf6 4. e5 Nfd7 5. f4 c5 6. Nf3 Nc6 7. g3 a5 8. Bg2 a4 9. O-O Be7 10. Nc3 axb3 11. axb3 Rxa1 12. Bxa1 O-O 13. Ne2 f6 14. d4 cxd4 15. Nexd4 Nxd4 16. Nxd4 fxe5 17. Nxe6 Qb6+ 18. Kh1 Rf6 19. Bxd5 Kh8 20. Ng5 h6 21. Nf7+ Rxf7 22. Bxf7 exf4 23. Rxf4 Nf6 24. Bd5 Qc5 25. c4 Qe3 26. Bd4 1-0

[Event "*** SCC Grand Prix: Titled Tuesday Blitz"]
[Site "Chess.com"]
[Date "2020.09.08"]
[Round "4"]
[White "Yashasd1995"]
[Black "bazar-wokzal"]
[Result "1-0"]
[WhiteElo "2676"]
[BlackElo "2472"]
[TimeControl "180+1"]
[EndTime "10:38:08 PDT"]
[Termination "Yashasd1995 won by resignation"]

1. b3 e5 2. Bb2 Nc6 3. e3 d5 4.
Bb5 Bd6 5. Nf3 Qe7 6. c4 d4 7. O-O Bg4 8. h3 Bh5 9. c5 Bxc5 10. exd4 Bb6 11. d5 a6 12. Ba4 Nf6 13. dxc6 O-O 14.
d3 Rad8 15. Nbd2 Rxd3 16. Qc2 Rfd8 17. cxb7 Bg6 18. Nxe5 Rxd2 19. Qxd2 Rxd2 20. b8=Q+ Rd8 21. Nc6 Rxb8 22. Nxe7+ 1-0